 Dungeon Crawl Stone Soup version 0.27.1-2-g3b301248ec (webtiles) character file.

Game seed: 7390678891614740584

1162 Destapler the Shield-Bearer (level 8, 0/75 (79) HPs)
             Began as a Troll Berserker on Oct 5, 2021.
             Was a Believer of Trog.
             Slain by a wight (4 damage)
             ... on level 4 of the Dungeon.
             The game lasted 00:06:17 (2931 turns).

Destapler the Shield-Bearer (Troll Berserker)       Turns: 2931, Time: 00:06:17

HP:   0/75 (79)     AC:  4    Str: 28    XL:     8   Next: 17%
MP:   7/7           EV: 14    Int:  3    God:    Trog [**....]
Gold: 69            SH:  0    Dex:  9    Spells: 7/7 levels left

rFire    . . .     SeeInvis .   m - +2 short sword (distort)
rCold    . . .     Faith    .   (no shield)
rNeg     . . .     Spirit   .   b - +0 animal skin
rPois    .         Reflect  .   (helmet restricted)
rElec    .         Harm     .   (no cloak)
rCorr    .         Rampage  .   (gloves unavailable)
Will     .....                  (boots unavailable)
Stlth    +.........             (no amulet)
HPRegen  1.22/turn              u - +4 ring of evasion
MPRegen  0.10/turn              (no ring)

@: on berserk cooldown, slowed, drained, very slow
A: large, unfitting armour, claws 3, regeneration 1, shaggy fur 1, tough skin 1
a: Renounce Religion, Berserk, Trog's Hand


You were on level 4 of the Dungeon.
You worshipped Trog.
Trog was pleased with you.
You visited 1 branch of the dungeon, and saw 5 of its levels.

You collected 69 gold pieces.

Inventory:

Hand Weapons
 a - a +0 mace
 m - a +2 short sword of distortion (weapon)
Missiles
 t - 3 boomerangs (quivered)
 v - 13 poisoned darts
Armour
 b - a +0 animal skin (worn)
Jewellery
 u - a +4 ring of evasion (left claw)
Wands
 o - a wand of flame (17)
Scrolls
 d - 2 scrolls of identify {unknown}
 f - 3 scrolls of teleportation {unknown}
 g - 2 scrolls of enchant weapon {unknown}
 h - a scroll of enchant armour {unknown}
 j - a scroll of brand weapon {unknown}
 p - 2 scrolls of amnesia {unknown}
 q - a scroll of noise {unknown}
 s - a scroll of immolation {unknown}
Potions
 c - 3 potions of lignification {unknown}
 e - a potion of invisibility {unknown}
 i - a potion of flight {unknown}
 k - 2 potions of brilliance {unknown}
 l - a potion of haste {unknown}
 n - a potion of attraction {unknown}
 r - a potion of resistance {unknown}


   Skills:
 + Level 4.6 Fighting
 - Level 2.6 Maces & Flails
 + Level 4.7 Dodging
 * Level 5.6 Shields


You had 7 spell levels left.
You didn't know any spells.
Your spell library contained the following spells:

 Spells                   Type           Power      Damage    Failure   Level
 Slow                     Hex            0%         N/A       67%         2
 Confusing Touch          Hex            0%         N/A       88%         3
 Vampiric Draining        Necr           0%         2d6       88%         3


Dungeon Overview and Level Annotations

Branches:
Dungeon (5/15)             Temple (0/1) D:4

Altars:
Dithmenos
Hepliaklqana
Okawaru
Vehumet
Yredelemnul

Shops:
D:4 *

Annotations:
D:4 AZSletch's ghost, novice MfSu


Innate Abilities, Weirdness & Mutations

You are too large for most types of armour.
You have claws for hands.
Your natural rate of healing is unusually fast.
You are covered in fur. (AC +1)
You have tough skin. (AC +1)


Message History

The quokka misses you. The wight closely misses you.
The crimson imp blinks!
The river rat closely misses you.
You closely miss AZSletch's ghost.
AZSletch's ghost is severely damaged.
Your skin stops crawling.
You feel less strong-willed. AZSletch's ghost hits you!
* * * LOW HITPOINT WARNING * * *
AZSletch's ghost burns you.
* * * LOW HITPOINT WARNING * * *
The quokka bites you but does no damage.
The wight hits you from afar with a +0 spear!
* * * LOW HITPOINT WARNING * * *
You closely miss AZSletch's ghost.
AZSletch's ghost is severely damaged.
The crimson imp hits you but does no damage.
The river rat barely misses you. AZSletch's ghost hits you.
* * * LOW HITPOINT WARNING * * *
AZSletch's ghost burns you.
* * * LOW HITPOINT WARNING * * *
The quokka completely misses you.
You closely miss AZSletch's ghost.
AZSletch's ghost is severely damaged.
You are no longer berserk.
You are exhausted.
You feel yourself slow down. The wight misses you.
The crimson imp completely misses you. The river rat bites you.
* * * LOW HITPOINT WARNING * * *
AZSletch's ghost gestures wildly while chanting.
The quokka bites you.
* * * LOW HITPOINT WARNING * * *
You closely miss AZSletch's ghost.
AZSletch's ghost is severely damaged.
The wight barely misses you. The crimson imp closely misses you.
The quokka completely misses you. The river rat barely misses you.
AZSletch's ghost hits you.
* * * LOW HITPOINT WARNING * * *
AZSletch's ghost burns you.
* * * LOW HITPOINT WARNING * * *
The wight hits you from afar with a +0 spear.
You die...

.# #.#####.# #.# #≈.≈
## #.......# #.# #≈.)
# #.#.....####.###.≈≈
#...###...#...##...
#...###.#.......###
#.............###
#..#########.##
#5.#.......#.#
#.@#Z.###..#.#
#rrWzb###[.#.#
#5l5r[...[S#.#
##.'..###.Z#.######
###
#.#..###..#.......
..#
####.#.......#.######
#.#####
#....#########.##...#
......###
#.##.................
.#......###
#.#....###.#.#.##...#


You could see an iguana, a wight, AZSletch's ghost, a crimson imp (summoned), a
river rat (summoned), 2 shadow imps, a quokka (summoned), a bat (summoned), a
rat (summoned) and a hound skeleton.

Vanquished Creatures
  4 yaks
  A water moccasin (D:4)
  A sky beast (D:3)
  An iguana (D:4)
  Natasha (thrice) (D:2)
  An orc wizard (D:3)
  2 hound skeletons (D:4)
  3 adders
  An ufetubus (D:5)
  2 adder skeletons (D:4)
  A worm (D:3)
  2 dart slugs
  4 orcs (D:3)
  5 endoplasms
  7 giant cockroaches
  6 goblins
  7 hobgoblins
  2 jackals (D:1)
  6 kobolds
  5 quokkas
  6 ball pythons
  8 bats (D:1)
  2 rats (D:1)
80 creatures vanquished.

Notes
Turn   | Place    | Note
-------+----------+-------------------------------------------
     0 | D:1      | Destapler the Troll Berserker began the quest for the Orb.
     0 | D:1      | Reached XP level 1. HP: 22/22 MP: 0/0
   171 | D:1      | Reached XP level 2. HP: 29/29 MP: 1/1
   181 | D:1      | Reached skill level 1 in Shields
   269 | D:1      | Reached XP level 3. HP: 29/36 MP: 2/2
   451 | D:1      | Reached ** piety under Trog
   892 | D:2      | Noticed Natasha
   896 | D:2      | Killed Natasha
   897 | D:2      | Reached skill level 2 in Shields
   897 | D:2      | Reached XP level 4. HP: 44/44 MP: 3/3
   997 | D:2      | Noticed Natasha
  1009 | D:2      | Killed Natasha
  1049 | D:2      | Found a hazy altar of Hepliaklqana.
  1198 | D:2      | Noticed Natasha
  1212 | D:2      | Killed Natasha
  1293 | D:3      | Reached XP level 5. HP: 52/53 MP: 4/4
  1394 | D:3      | Found a radiant altar of Vehumet.
  1511 | D:3      | Found a basalt altar of Yredelemnul.
  1535 | D:3      | Reached skill level 3 in Shields
  1569 | D:3      | Noticed a sky beast
  1584 | D:3      | Killed a sky beast
  1585 | D:3      | Reached XP level 6. HP: 52/61 MP: 5/5
  1942 | D:4      | Found a runed translucent gate.
  1942 | D:4      | Found a runed translucent gate.
  1943 | D:4      | Found a runed translucent gate.
  1953 | D:4      | Noticed AZSletch's ghost (novice MfSu)
  1975 | D:4      | Found a hazy altar of Hepliaklqana.
  2158 | D:4      | Found an iron altar of Okawaru.
  2205 | D:4      | Noticed a water moccasin
  2212 | D:4      | Killed a water moccasin
  2213 | D:4      | Reached skill level 4 in Shields
  2231 | D:4      | Reached XP level 7. HP: 35/68 MP: 6/6
  2327 | D:4      | Found a shadowy altar of Dithmenos.
  2339 | D:4      | Identified the +1 ring mail "Azantigh" {Harm Dex-3 SInv
                  | Stlth-}
  2372 | D:4      | Found Madin's General Store.
  2411 | D:4      | Found a staircase to the Ecumenical Temple.
  2773 | D:5      | Entered Level 5 of the Dungeon
  2780 | D:5      | Noticed a yak
  2780 | D:5      | Noticed a yak
  2781 | D:5      | Noticed a yak
  2781 | D:5      | Noticed a yak
  2792 | D:5      | Killed a yak
  2798 | D:5      | Killed a yak
  2799 | D:5      | Reached skill level 5 in Shields
  2805 | D:5      | Killed a yak
  2858 | D:4      | Killed a yak
  2859 | D:4      | Reached XP level 8. HP: 38/79 MP: 7/7
  2931 | D:4      | Slain by a wight

Illustrated notes

Levels and vault maps discovered:
D:1:      elethiomel_arrival_maze, layout_rooms
D:2:      layout_loops_ring, basic_altar, minmay_split_cup_large, uniq_natasha
D:3:      layout_basic, vehumet_altar_wand_db, mainiacjoe_overflow_catwalk
D:4:      layout_loops_corners, mainiacjoe_overflow_six_doors_small,
          mainiacjoe_overflow_paths, nicolae_dithmenos_through_a_glass_darkly,
          minmay_temple_entry_slanted, serial_shops, nicolae_diamond_shop,
          gammafunk_ghost_split, minivault_26, grunt_decor_fettered
D:5:      layout_basic

Skill      XL: |  1  2  3  4  5  6  7 |
---------------+----------------------+-----
Shields        | 1 2 3 4 5 |  5.6
Fighting       | 3 4 |  4.6
Dodging        | 3 4 |  4.7
Maces & Flails | |  2.6

Action                   |  1- 3 |  4- 6 |  7- 9 || total
-------------------------+-------+-------+-------++-------
Melee: Mace              |   107 |       |       ||   107
       Short sword       |       |   103 |    68 ||   171
Invok: Berserk           |     2 |     1 |     2 ||     5
       Trog's Hand       |       |     1 |     2 ||     3
 Stab: Sleeping          |     1 |     3 |       ||     4
Armor: Animal skin       |    78 |    32 |    21 ||   131
Dodge: Dodged            |   134 |    44 |    71 ||   249
